| TOP OF THE 1ST |
|
Helena Brewers batting - Pitching for Bristol Pirates : RHP Otok Barleyfoot
|
|
Pitching: RHP Otok Barleyfoot
|
|
|
Batting: RHB Jose Cerritos
|
0-0: Ball 1-0: Called Strike 1-1: Foul Ball, location: 2F 1-2: Foul Ball, location: 2F 1-2: SINGLE (Groundball, 4S, EV 67.5 MPH) (infield hit)
|
|
Batting: LHB John Fortin
|
0-0: Called Strike Jose Cerritos steals 2nd base 0-1: Foul Ball, location: 2F 0-2: Ball Wild Pitch! Jose Cerritos to third 1-2: Ball 2-2: Foul Ball, location: 2F 2-2: Foul Ball, location: 2F 2-2: Ball 3-2: Base on Balls
|
|
Batting: LHB Karel Hort
|
0-0: Ball 1-0: Ball 2-0: Foul Ball, location: 2F 2-1: Foul Ball, location: 2F 2-2: DOUBLE (Line Drive, 9LS, EV 105.0 MPH) Jose Cerritos scores John Fortin to third
|
|
Pitching: RHP Onne Stubbe
|
|
|
Batting: SHB Justin Hensley
|
0-0: Ground out 4-3 (Groundball, 4, EV 87.5 MPH) John Fortin scores Karel Hort to third
|
|
Batting: RHB Chris Fruit
|
0-0: Ball 1-0: Ball 2-0: Called Strike 2-1: Swinging Strike 2-2: Ball 3-2: Fly out, F8 (Flyball, 8LD, EV 94.4 MPH) Runner from 3rd tags up, SCORES, throw by CF
|
|
Batting: RHB Dan Allred
|
0-0: Ball 1-0: Ball 2-0: Ball 3-0: Base on Balls
|
|
Batting: RHB Alfredo Sena
|
0-0: Ball Dan Allred steals 2nd base 1-0: Ball 2-0: Swinging Strike 2-1: Ball 3-1: 2-RUN HOME RUN (Flyball, 7LD, EV 92.5 MPH), Distance : 351 ft
|
|
Batting: RHB Manny Olave
|
0-0: Called Strike 0-1: Ball 1-1: Ball 2-1: Swinging Strike 2-2: Fly out, F7 (Flyball, 7LD, EV 102.5 MPH)
|
| Top of the 1st over - 5 runs, 3 hits, 0 errors, 0 left on base; Helena 5 - Bristol 0 |
| BOTTOM OF THE 1ST |
|
Bristol Pirates batting - Pitching for Helena Brewers : RHP Dillon Atkinson
|
|
Pitching: RHP Dillon Atkinson
|
|
|
Batting: SHB Don Hauk
|
0-0: Ball 1-0: Ball 2-0: Ball 3-0: Base on Balls
|
|
Batting: LHB Randy Boone
|
0-0: Ball 1-0: Foul Ball, location: 2F 1-1: Called Strike 1-2: Foul Ball, location: 2F 1-2: Ball 2-2: Strikes out looking Don Hauk is caught stealing 2nd base 2-6 Batter strikes out.
|
|
Batting: RHB Randy Bergman
|
0-0: Foul Ball, location: 2F 0-1: Called Strike 0-2: Ball 1-2: Ball 2-2: Ball 3-2: Base on Balls
|
|
Batting: RHB Steve Terres
|
0-0: Swinging Strike 0-1: Swinging Strike 0-2: Ball 1-2: Ball 2-2: Ball Randy Bergman steals 2nd base 3-2: Strikes out swinging
|
| Bottom of the 1st over - 0 runs, 0 hits, 0 errors, 1 left on base; Helena 5 - Bristol 0 |
| TOP OF THE 2ND |
|
Helena Brewers batting - Pitching for Bristol Pirates : RHP Onne Stubbe
|
|
Batting: RHB Justin Marino
|
0-0: Ball 1-0: Swinging Strike 1-1: Ball 2-1: Swinging Strike 2-2: Ground out 5-3 (Groundball, 56, EV 90.6 MPH)
|
|
Batting: RHB Jose Cerritos
|
0-0: Ball 1-0: Called Strike 1-1: Ball 2-1: Swinging Strike 2-2: Ground out 4-3 (Groundball, 4, EV 92.5 MPH)
|
|
Batting: LHB John Fortin
|
0-0: Ball 1-0: Called Strike 1-1: Ball 2-1: Foul Ball, location: 2F 2-2: Ball 3-2: Foul Ball, location: 2F 3-2: Foul Ball, location: 2F 3-2: DOUBLE (Line Drive, 9LD, EV 102.5 MPH)
|
|
Batting: LHB Karel Hort
|
0-0: Called Strike 0-1: Ground out 4-3 (Groundball, 4, EV 84.4 MPH)
|
| Top of the 2nd over - 0 runs, 1 hit, 0 errors, 1 left on base; Helena 5 - Bristol 0 |
| BOTTOM OF THE 2ND |
|
Bristol Pirates batting - Pitching for Helena Brewers : RHP Dillon Atkinson
|
|
Batting: RHB Pete Hutton
|
0-0: Called Strike 0-1: Ball 1-1: Swinging Strike 1-2: Strikes out looking
|
|
Batting: RHB Frank Elizondo
|
0-0: Called Strike 0-1: Ball 1-1: Swinging Strike 1-2: Ball 2-2: Ball 3-2: Foul Ball, location: 2F 3-2: Strikes out swinging
|
|
Batting: RHB Andrew DeRicco
|
0-0: Ball 1-0: Foul Ball, location: 2F 1-1: Ball 2-1: Ball 3-1: Base on Balls
|
|
Batting: RHB Alain Marquet
|
0-0: Ball 1-0: Ball 2-0: Swinging Strike 2-1: Foul Ball, location: 2F 2-2: Ball 3-2: Base on Balls Andrew DeRicco to second
|
|
Batting: RHB Rob Colley
|
0-0: Called Strike 0-1: Swinging Strike 0-2: Ball 1-2: Ball 2-2: Ball Balk! Andrew DeRicco to third Alain Marquet to second 3-2: Strikes out swinging
|
| Bottom of the 2nd over - 0 runs, 0 hits, 0 errors, 2 left on base; Helena 5 - Bristol 0 |
| TOP OF THE 3RD |
|
Helena Brewers batting - Pitching for Bristol Pirates : RHP Onne Stubbe
|
|
Batting: SHB Justin Hensley
|
0-0: Called Strike 0-1: Ball 1-1: Ball 2-1: Fly out, F7 (Flyball, 78S, EV 74.4 MPH)
|
|
Batting: RHB Chris Fruit
|
0-0: Ball 1-0: Ball 2-0: Called Strike 2-1: Swinging Strike 2-2: Foul Ball, location: 2F 2-2: SINGLE (Groundball, 34D, EV 96.2 MPH)
|
|
Batting: RHB Dan Allred
|
0-0: Swinging Strike 0-1: Ball 1-1: Ball 2-1: Ball 3-1: Swinging Strike 3-2: Base on Balls Chris Fruit to second
|
|
Batting: RHB Alfredo Sena
|
0-0: Ball 1-0: Ball 2-0: Ball 3-0: Called Strike 3-1: Swinging Strike 3-2: Foul Ball, location: 2F 3-2: Base on Balls Chris Fruit to third Dan Allred to second
|
|
Pitching: RHP Erik Mulligan
|
|
|
Batting: RHB Manny Olave
|
0-0: Called Strike 0-1: SINGLE (Groundball, 56S, EV 74.4 MPH) (infield hit) Chris Fruit scores Dan Allred to third Alfredo Sena to second
|
|
Batting: RHB Justin Marino
|
0-0: Ball 1-0: Foul Ball, location: 2F 1-1: Ball 2-1: Foul Ball, location: 2F 2-2: Ball 3-2: Base on Balls Dan Allred scores Alfredo Sena to third Manny Olave to second
|
|
Batting: RHB Jose Cerritos
|
0-0: Ball 1-0: Ball 2-0: Foul Ball, location: 2F 2-1: Called Strike 2-2: GRAND SLAM HOME RUN (Flyball, 78XD, EV 99.4 MPH), Distance : 400 ft
|
|
Batting: LHB John Fortin
|
0-0: Ball 1-0: Ball 2-0: Called Strike 2-1: Ball 3-1: Base on Balls
|
|
Pitching: LHP Alfredo Carranza
|
|
|
Batting: LHB Karel Hort
|
0-0: Called Strike 0-1: Called Strike 0-2: Ball 1-2: Foul Ball, location: 2F 1-2: Ball 2-2: Ball 3-2: Base on Balls John Fortin to second
|
|
Batting: SHB Justin Hensley
|
0-0: Ball 1-0: Swinging Strike 1-1: Ball 2-1: Ball 3-1: Base on Balls John Fortin to third Karel Hort to second
|
|
Batting: RHB Chris Fruit
|
0-0: Foul Ball, location: 2F 0-1: Ball 1-1: SINGLE (Groundball, 56S, EV 60.6 MPH) (infield hit) John Fortin scores Karel Hort to third Justin Hensley to second
|
|
Batting: RHB Dan Allred
|
0-0: Called Strike 0-1: Foul Ball, location: 2F 0-2: Strikes out swinging
|
|
Pitching: LHP Adam Clarke
|
|
|
Batting: RHB Alfredo Sena
|
0-0: Called Strike 0-1: Ball 1-1: Foul Ball, location: 2F 1-2: Ball 2-2: Ball 3-2: Base on Balls Karel Hort scores Justin Hensley to third Chris Fruit to second
|
|
Batting: RHB Manny Olave
|
0-0: Ball 1-0: GRAND SLAM HOME RUN (Flyball, 7D, EV 96.9 MPH), Distance : 373 ft
|
|
Batting: RHB Justin Marino
|
0-0: Ball 1-0: Swinging Strike 1-1: Fly out, F8 (Flyball, 8LM, EV 90.6 MPH)
|
| Top of the 3rd over - 12 runs, 5 hits, 0 errors, 0 left on base; Helena 17 - Bristol 0 |
| BOTTOM OF THE 3RD |
|
Bristol Pirates batting - Pitching for Helena Brewers : RHP Dillon Atkinson
|
|
Batting: SHB Don Hauk
|
0-0: Called Strike 0-1: Ball 1-1: Foul Ball, location: 2F 1-2: Foul Ball, location: 2F 1-2: Ball 2-2: Strikes out swinging
|
|
Batting: LHB Randy Boone
|
0-0: SINGLE (Groundball, 3S, EV 61.2 MPH) (infield hit)
|
|
Batting: RHB Randy Bergman
|
0-0: Ball 1-0: Fielders Choice at 2nd, 3-6 (Groundball, 13, EV 85.0 MPH)
|
|
Batting: RHB Steve Terres
|
0-0: Called Strike 0-1: Foul Ball, location: 2F 0-2: Strikes out swinging
|
| Bottom of the 3rd over - 0 runs, 1 hit, 0 errors, 1 left on base; Helena 17 - Bristol 0 |
| TOP OF THE 4TH |
|
Helena Brewers batting - Pitching for Bristol Pirates : LHP Adam Clarke
|
|
Batting: RHB Jose Cerritos
|
0-0: Foul Ball, location: 2F 0-1: Ball 1-1: SINGLE (Flyball, 3D, EV 90.6 MPH)
|
|
Batting: LHB John Fortin
|
0-0: Called Strike 0-1: Ball 1-1: Foul Ball, location: 2F 1-2: Foul Ball, location: 2F 1-2: Ball 2-2: Foul Ball, location: 2F 2-2: Fly out, F8 (Flyball, 8LD, EV 100.6 MPH)
|
|
Pitching: RHP Jerry Spitler
|
|
|
Batting: LHB Karel Hort
|
0-0: Ball 1-0: Foul Ball, location: 2F 1-1: Ball 2-1: Foul Ball, location: 2F 2-2: Ball 3-2: Strikes out swinging Jose Cerritos is caught stealing 2nd base 2-6 Batter strikes out.
|
| Top of the 4th over - 0 runs, 1 hit, 0 errors, 0 left on base; Helena 17 - Bristol 0 |
| BOTTOM OF THE 4TH |
|
Bristol Pirates batting - Pitching for Helena Brewers : RHP Dillon Atkinson
|
|
Batting: RHB Pete Hutton
|
0-0: Ball 1-0: Ball 2-0: Ground out 4-3 (Groundball, 4, EV 99.4 MPH)
|
|
Batting: RHB Frank Elizondo
|
0-0: Ball 1-0: Ball 2-0: Swinging Strike 2-1: Foul Ball, location: 2F 2-2: Ball 3-2: Strikes out swinging
|
|
Batting: RHB Andrew DeRicco
|
0-0: Called Strike 0-1: Ball 1-1: Foul Ball, location: 2F 1-2: Foul Ball, location: 2F 1-2: Ground out 4-3 (Groundball, 4M, EV 84.4 MPH)
|
| Bottom of the 4th over - 0 runs, 0 hits, 0 errors, 0 left on base; Helena 17 - Bristol 0 |
| TOP OF THE 5TH |
|
Helena Brewers batting - Pitching for Bristol Pirates : RHP Jerry Spitler
|
|
Batting: SHB Justin Hensley
|
0-0: Ball 1-0: Called Strike 1-1: SOLO HOME RUN (Flyball, 9D, EV 96.2 MPH), Distance : 380 ft
|
|
Batting: RHB Chris Fruit
|
0-0: Called Strike 0-1: Foul Ball, location: 2F 0-2: Strikes out looking
|
|
Batting: RHB Dan Allred
|
0-0: Ball 1-0: DOUBLE (Line Drive, 9LS, EV 106.2 MPH)
|
|
Batting: RHB Alfredo Sena
|
0-0: Reached on error, E6 (Groundball, 6S, EV 79.4 MPH) Dan Allred to third
|
|
Batting: RHB Manny Olave
|
0-0: Foul Ball, location: 2F 0-1: Called Strike 0-2: Ball 1-2: Ball 2-2: Strikes out looking
|
|
Pitching: RHP Randy Nelligan
|
|
|
Batting: RHB Justin Marino
|
0-0: Ball 1-0: Ball 2-0: Ball 3-0: Called Strike 3-1: Base on Balls Alfredo Sena to second
|
|
Batting: RHB Jose Cerritos
|
0-0: Ball 1-0: Fielders Choice at 2nd, 5-4 (Groundball, 5, EV 106.9 MPH)
|
| Top of the 5th over - 1 run, 2 hits, 1 error, 3 left on base; Helena 18 - Bristol 0 |
| BOTTOM OF THE 5TH |
|
Bristol Pirates batting - Pitching for Helena Brewers : RHP Dillon Atkinson
|
|
Pitching: RHP Omar Morales
|
|
|
Batting: RHB Alain Marquet
|
0-0: Ball 1-0: Ball 2-0: Called Strike 2-1: Ball 3-1: Called Strike 3-2: Base on Balls
|
|
Batting: RHB Rob Colley
|
0-0: Called Strike 0-1: Called Strike 0-2: Ball 1-2: Foul Ball, location: 2F 1-2: Ball 2-2: Ball 3-2: Base on Balls Alain Marquet to second
|
|
Batting: SHB Don Hauk
|
0-0: Called Strike 0-1: Ball 1-1: Ball 2-1: Ball 3-1: Foul Ball, location: 2F 3-2: Strikes out swinging
|
|
Batting: LHB Randy Boone
|
0-0: Ball 1-0: Swinging Strike 1-1: Ball 2-1: Swinging Strike 2-2: Strikes out swinging
|
|
Batting: RHB Randy Bergman
|
0-0: Ball 1-0: Foul Ball, location: 2F 1-1: Foul Ball, location: 2F 1-2: Ball 2-2: Strikes out looking
|
| Bottom of the 5th over - 0 runs, 0 hits, 0 errors, 2 left on base; Helena 18 - Bristol 0 |
| TOP OF THE 6TH |
|
Helena Brewers batting - Pitching for Bristol Pirates : RHP Randy Nelligan
|
|
Batting: LHB John Fortin
|
0-0: Called Strike 0-1: Called Strike 0-2: Foul Ball, location: 2F 0-2: Ball 1-2: Ball 2-2: Fly out, F6 (Popup, 56D, EV 53.8 MPH)
|
|
Batting: LHB Karel Hort
|
0-0: Foul Ball, location: 2F 0-1: Swinging Strike 0-2: Ball 1-2: Strikes out swinging
|
|
Batting: SHB Justin Hensley
|
0-0: Swinging Strike 0-1: Foul Ball, location: 2F 0-2: Ball 1-2: Strikes out swinging
|
| Top of the 6th over - 0 runs, 0 hits, 0 errors, 0 left on base; Helena 18 - Bristol 0 |
| BOTTOM OF THE 6TH |
|
Bristol Pirates batting - Pitching for Helena Brewers : RHP Omar Morales
|
|
Batting: RHB Steve Terres
|
0-0: Swinging Strike 0-1: Foul Ball, location: 2F 0-2: Strikes out swinging
|
|
Batting: RHB Pete Hutton
|
0-0: Ball 1-0: Swinging Strike 1-1: Ball 2-1: Swinging Strike 2-2: Ground out 4-3 (Groundball, 4, EV 107.5 MPH)
|
|
Batting: RHB Frank Elizondo
|
0-0: Called Strike 0-1: Ball 1-1: Foul Ball, location: 2F 1-2: Ball 2-2: Foul Ball, location: 2F 2-2: Foul Ball, location: 2F 2-2: Ground out 6-3 (Groundball, 6, EV 104.4 MPH)
|
| Bottom of the 6th over - 0 runs, 0 hits, 0 errors, 0 left on base; Helena 18 - Bristol 0 |
| TOP OF THE 7TH |
|
Helena Brewers batting - Pitching for Bristol Pirates : RHP Randy Nelligan
|
|
Batting: RHB Chris Fruit
|
0-0: Ball 1-0: Reached on error, E9 (Flyball, 9D, EV 109.4 MPH)
|
|
Pinch Hitting: RHB Jesus Menjivar
|
0-0: Called Strike 0-1: Ball 1-1: Called Strike 1-2: Ball 2-2: Ball 3-2: Ground out 4-3 (Groundball, 34, EV 107.5 MPH) Chris Fruit to third
|
|
Batting: RHB Alfredo Sena
|
0-0: 2-RUN HOME RUN (Flyball, 78XD, EV 100.0 MPH), Distance : 404 ft
|
|
Batting: RHB Manny Olave
|
0-0: Ball 1-0: Ball 2-0: Called Strike 2-1: Ball 3-1: Base on Balls
|
|
Batting: RHB Justin Marino
|
0-0: Foul Ball, location: 2F 0-1: Ball 1-1: Ball 2-1: Foul Ball, location: 2F 2-2: Ball 3-2: Base on Balls Manny Olave to second
|
|
Batting: RHB Jose Cerritos
|
0-0: Ball 1-0: Ball 2-0: Ball 3-0: Called Strike 3-1: 3-RUN HOME RUN (Flyball, 78XD, EV 103.8 MPH), Distance : 435 ft
|
|
Batting: LHB John Fortin
|
0-0: SINGLE (Groundball, 34D, EV 100.6 MPH) (infield hit)
|
|
Batting: LHB Karel Hort
|
0-0: Ball 1-0: Foul Ball, location: 2F 1-1: Ball 2-1: Ball 3-1: Foul Ball, location: 2F 3-2: Base on Balls John Fortin to second
|
|
Batting: SHB Justin Hensley
|
0-0: Foul Ball, location: 2F 0-1: Fly out, F7 (Flyball, 78M, EV 93.8 MPH)
|
|
Batting: RHB Chris Fruit
|
0-0: Called Strike 0-1: Foul Ball, location: 2F 0-2: SINGLE (Groundball, 4M, EV 104.4 MPH) (infield hit) John Fortin to third Karel Hort to second
|
|
Batting: RHB Jesus Menjivar
|
0-0: Called Strike 0-1: Ball 1-1: Ball 2-1: Called Strike 2-2: Strikes out swinging
|
| Top of the 7th over - 5 runs, 4 hits, 1 error, 3 left on base; Helena 23 - Bristol 0 |
| BOTTOM OF THE 7TH |
|
Bristol Pirates batting - Pitching for Helena Brewers : RHP Omar Morales
|
|
Pitching: RHP Allen Gans
|
|
|
Now in CF: Jesus Menjivar
|
|
|
Batting: RHB Andrew DeRicco
|
0-0: Foul Ball, location: 2F 0-1: Foul Ball, location: 7LSF, Error on foul ball, E7 0-2: Foul Ball, location: 2F 0-2: Ball 1-2: Strikes out looking
|
|
Batting: RHB Alain Marquet
|
0-0: Called Strike 0-1: Ball 1-1: Swinging Strike 1-2: Strikes out swinging
|
|
Batting: RHB Rob Colley
|
0-0: Ball 1-0: Ball 2-0: Ball 3-0: Called Strike 3-1: Fly out, F9 (Flyball, 9, EV 90.6 MPH)
|
| Bottom of the 7th over - 0 runs, 0 hits, 1 error, 0 left on base; Helena 23 - Bristol 0 |
| TOP OF THE 8TH |
|
Helena Brewers batting - Pitching for Bristol Pirates : RHP Randy Nelligan
|
|
Batting: RHB Alfredo Sena
|
0-0: Called Strike 0-1: Ball 1-1: Called Strike 1-2: Foul Ball, location: 2F 1-2: Ball 2-2: Foul Ball, location: 2F 2-2: Ball 3-2: SINGLE (Groundball, 34D, EV 95.0 MPH)
|
|
Batting: RHB Manny Olave
|
0-0: SINGLE (Groundball, 6MD, EV 103.8 MPH) Alfredo Sena to second Runner from 2nd tries for 3rd, OUT! 8-5 Manny Olave to second
|
|
Batting: RHB Justin Marino
|
0-0: Ball 1-0: Swinging Strike 1-1: Foul Ball, location: 2F 1-2: Ball 2-2: Ball 3-2: Foul Ball, location: 2F 3-2: SINGLE (Groundball, 34D, EV 94.4 MPH) Manny Olave to third
|
|
Batting: RHB Jose Cerritos
|
0-0: Ball 1-0: Ball 2-0: Swinging Strike Passed Ball! Manny Olave scores Justin Marino to second 2-1: Fly out, F8 (Flyball, 8RM, EV 86.2 MPH)
|
|
Batting: LHB John Fortin
|
0-0: Swinging Strike 0-1: Ball 1-1: Ball 2-1: Ball 3-1: Base on Balls
|
|
Batting: LHB Karel Hort
|
0-0: Foul Ball, location: 2F 0-1: Ball 1-1: Ball 2-1: Called Strike 2-2: Foul Ball, location: 2F 2-2: Fly out, F5 (Popup, 25, EV 94.4 MPH)
|
| Top of the 8th over - 1 run, 3 hits, 0 errors, 2 left on base; Helena 24 - Bristol 0 |
| BOTTOM OF THE 8TH |
|
Bristol Pirates batting - Pitching for Helena Brewers : RHP Allen Gans
|
|
Batting: SHB Don Hauk
|
0-0: Ball 1-0: Ball 2-0: Ball 3-0: Called Strike 3-1: Base on Balls
|
|
Batting: LHB Randy Boone
|
0-0: Ball 1-0: Called Strike 1-1: Ball 2-1: Fielders Choice at 2nd, 6-4 (Groundball, 6, EV 85.0 MPH)
|
|
Batting: RHB Randy Bergman
|
0-0: Called Strike 0-1: Foul Ball, location: 2F 0-2: Ball 1-2: Strikes out looking
|
|
Batting: RHB Steve Terres
|
0-0: Called Strike 0-1: Ball 1-1: Ball 2-1: Fly out, F9 (Line Drive, 9S, EV 93.8 MPH)
|
| Bottom of the 8th over - 0 runs, 0 hits, 0 errors, 1 left on base; Helena 24 - Bristol 0 |
| TOP OF THE 9TH |
|
Helena Brewers batting - Pitching for Bristol Pirates : RHP Randy Nelligan
|
|
Batting: SHB Justin Hensley
|
0-0: Ball 1-0: Ball 2-0: Called Strike 2-1: Ball 3-1: Foul Ball, location: 2F 3-2: Foul Ball, location: 2F 3-2: Base on Balls
|
|
Batting: RHB Chris Fruit
|
0-0: Reached on error, E3 (Groundball, 34, EV 100.6 MPH) Justin Hensley to second
|
|
Batting: RHB Jesus Menjivar
|
0-0: Grounds into double play, 5-4-3 (Groundball, 56, EV 80.0 MPH) Justin Hensley to third
|
|
Batting: RHB Alfredo Sena
|
0-0: Ball 1-0: Called Strike 1-1: Ball 2-1: Ball 3-1: Base on Balls
|
|
Batting: RHB Manny Olave
|
0-0: DOUBLE (Flyball, 89D, EV 95.0 MPH) Justin Hensley scores Alfredo Sena to third
|
|
Batting: RHB Justin Marino
|
0-0: Ball 1-0: Called Strike 1-1: Ball 2-1: Ball 3-1: Base on Balls
|
|
Batting: RHB Jose Cerritos
|
0-0: Ball 1-0: Ball 2-0: Called Strike 2-1: Ball 3-1: Base on Balls Alfredo Sena scores Manny Olave to third Justin Marino to second
|
|
Batting: LHB John Fortin
|
0-0: Ball 1-0: Foul Ball, location: 2F 1-1: Fielders Choice at 2nd, 6-4 (Groundball, 6, EV 76.9 MPH)
|
| Top of the 9th over - 2 runs, 1 hit, 1 error, 3 left on base; Helena 26 - Bristol 0 |
| BOTTOM OF THE 9TH |
|
Bristol Pirates batting - Pitching for Helena Brewers : RHP Allen Gans
|
|
Batting: RHB Pete Hutton
|
0-0: Ball 1-0: Ball 2-0: Called Strike 2-1: Foul Ball, location: 2F 2-2: Strikes out swinging
|
|
Batting: RHB Frank Elizondo
|
0-0: Ball 1-0: Ball 2-0: Swinging Strike 2-1: Swinging Strike 2-2: Ball 3-2: Foul Ball, location: 2F 3-2: Base on Balls
|
|
Batting: RHB Andrew DeRicco
|
0-0: Called Strike 0-1: Swinging Strike 0-2: Strikes out swinging
|
|
Pitching: LHP Tony Salazar
|
|
|
Batting: RHB Alain Marquet
|
0-0: Ball 1-0: Ball 2-0: Ball 3-0: Base on Balls Frank Elizondo to second
|
|
Batting: RHB Rob Colley
|
0-0: Ball 1-0: Foul Ball, location: 2F 1-1: Foul Ball, location: 2F 1-2: Ball 2-2: Fly out, F8 (Line Drive, 8LM, EV 96.2 MPH)
|
| Bottom of the 9th over - 0 runs, 0 hits, 0 errors, 2 left on base; Helena 26 - Bristol 0 |
|